 Dungeon Crawl Stone Soup version 0.28.0-49-g6dfe1f597d (webtiles) character file.

Game seed: 11926298248709086596

56 ZappyNine the Stinger (level 3, -3/28 HPs)
             Began as a Draconian Venom Mage on May 17, 2022.
             Killed by divine providence
             ... invoked by an orc priest
              (13 damage)
             ... on level 3 of the Dungeon.
             The game lasted 00:02:39 (2749 turns).

ZappyNine the Stinger (Draconian Venom Mage)        Turns: 2749, Time: 00:02:40

Health: -3/28      AC:  5    Str: 10    XL:     3   Next: 69%
Magic:  4/6        EV: 12    Int: 17    God:
Gold:   140        SH:  0    Dex: 11    Spells: 3/6 levels left

rFire   . . .      SeeInvis .   a - +0 club
rCold   . . .      Faith    .   (no shield)
rNeg    . . .      Spirit   .   (armour unavailable)
rPois   .          Reflect  .   (helmet restricted)
rElec   .          Harm     .   (no cloak)
rCorr   .          Rampage  .   (no gloves)
Will    .....                   (no boots)
Stlth   ++........              (no amulet)
HPRegen 0.09/turn               (no ring)
MPRegen 0.10/turn               (no ring)

@: no status effects
A: AC +5, unfitting armour, cold-blooded
a: no special abilities


You were on level 3 of the Dungeon.
You visited 1 branch of the dungeon, and saw 3 of its levels.

You collected 140 gold pieces.

Inventory:

Hand Weapons
 a - a +0 club (weapon)
Scrolls
 e - a scroll of teleportation {unknown}
 f - 2 scrolls of immolation {unknown}
 g - a scroll of silence {unknown}
 i - a scroll of enchant weapon {unknown}
 j - a scroll of fear {unknown}
 l - a scroll of blinking {unknown}
Potions
 b - a potion of heal wounds {unknown}
 c - 2 potions of degeneration {unknown}
 d - a potion of haste {unknown}
 h - a potion of mutation {unknown}
 k - 2 potions of resistance {unknown}


   Skills:
 - Level 1.0 Fighting
 - Level 2.1 Dodging
 - Level 1.7 Stealth
 + Level 2.3 Spellcasting
 - Level 1.5 Transmutations
 + Level 1.7 Air Magic
 + Level 3.2 Poison Magic


You had 3 spell levels left.
You knew the following spells:

 Your Spells              Type           Power      Damage    Failure   Level
a - Sting                 Tmut/Pois      40%        1d5       7%          1
b - Poisonous Vapours     Pois/Air       20%        N/A       10%         2

Your spell library contained the following spells:

 Spells                   Type           Power      Damage    Failure   Level
 Passwall                 Tmut/Erth      3%         N/A       21%         2
 Swiftness                Air            7%         N/A       26%         3
 Ensorcelled Hibernation  Hex/Ice        2%         N/A       28%         2
 Mephitic Cloud           Conj/Pois/Air  7%         N/A       28%         3
 Olgreb's Toxic Radiance  Pois           13%        N/A       43%         4


Dungeon Overview and Level Annotations

Branches:
Dungeon (3/15)

Altars:
Wu Jian

Shops:
D:1 (


Innate Abilities, Weirdness & Mutations

Your plain brown scales are hard. (AC +5)
You cannot fit into any form of body armour.
You are cold-blooded and may be slowed by cold attacks.


Message History

Magic restored.
You see here a dart slug corpse.
Found a stone staircase leading down.
l - a scroll labelled UTU HANNIMO
There is a stone staircase leading down here.
Found 12 arrows.
Found a stone staircase leading down.
No target in view!
An orc comes into view. It is wielding a +0 war axe.
An orc is nearby!
An orc is nearby!
An orc is nearby!
An orc comes into view. It is wielding a +0 club.
The orc shouts!
You hear a shout!
An orc comes into view. It is wielding a +0 club.
An orc comes into view. It is wielding a +0 mace.
A gnoll and an orc priest come into view.
The orc priest shouts!
The orc shouts!
The orc priest mumbles some strange prayers to Beogh against you.
Beogh smites you!
You hear a shout! x2; You hear an angry hiss.
You hear a shout!
Found an ornate altar of the Wu Jian Council.
You barely miss the orc.
The orc shouts!
The orc hits you with a +0 war axe!
You are too injured to fight recklessly!
You are too injured to fight recklessly!
You are too injured to fight recklessly!
Unknown command.
Casting: Poisonous Vapours (safe; 10% risk of failure)
Confirm with . or Enter, or press ? or * to list all spells.
Aiming: Poisonous Vapours (safe; 10% risk of failure)
Press: ? - help, Dir - move target, f - orc priest
Aim: an orc priest, wielding a +0 flail Poisonous vapours surround the orc priest!
The orc priest is poisoned.
A gnoll comes into view. It is wielding a +0 spear.
The orc priest mumbles some strange prayers to Beogh against you.
Beogh smites you!
You die...

# .## .# .._. . g.
.##.... ###
#.#.#........ #####.##
#.#..#....§≈. .......#
#...o#.o..≈ .####.##
#....#o.. .# #.#
#...go.## ## #.#
#....o#.# #.# ##...@.#
#.# ##...## #####.#
#...##### ......#
#........
#####.########....####
#####.##............#
...................##
.###..##...........# .
#..########....##


You could see an orc priest (poisoned), 2 gnolls and 4 orcs.

Vanquished Creatures
  A dart slug (D:3)
  6 endoplasms
  3 giant cockroaches
  3 goblins
  3 hobgoblins (D:1)
  8 jackals
  3 quokkas
  A ball python (D:1)
  5 bats
  6 frilled lizards
  3 kobolds (D:2)
  6 rats
48 creatures vanquished.

Notes
Turn   | Place    | Note
-------+----------+-------------------------------------------
     0 | D:1      | ZappyNine the Draconian Venom Mage began the quest for the
                  | Orb.
     0 | D:1      | Reached XP level 1. HP: 14/14 MP: 3/3
   451 | D:1      | Found Bugo's Weapon Shop.
   462 | D:1      | Reached XP level 2. HP: 22/22 MP: 1/5
   519 | D:1      | Found a faded altar of an unknown god.
   904 | D:1      | Reached skill level 1 in Fighting
  1175 | D:1      | Learned a level 2 spell: Poisonous Vapours
  1343 | D:1      | Reached XP level 3. HP: 28/28 MP: 1/6
  1789 | D:2      | Reached skill level 1 in Air Magic
  2746 | D:3      | Found an ornate altar of the Wu Jian Council.
  2749 | D:3      | Killed from afar by an orc priest

Illustrated notes

Levels and vault maps discovered:
D:1:      dpeg_arrival_chambers_temple_mockup, layout_loops_ring,
          shapermc_ecumenical_altar_ellora, serial_shops,
          nicolae_shop_competitors_out_of_business, minmay_heptomino_l4
D:2:      layout_basic, patterned_corridor
D:3:      layout_loops_cross, nicolae_vehumet_altar_sigil,
          nicolae_wu_jian_wuxing_cycle, grunt_ministairs_8, uniq_natasha,
          uniq_ijyb, uniq_sigmund

Skill      XL: |  1  2  3 |
---------------+----------+-----
Dodging        | 2 |  2.1
Fighting       | 1 |  1.0
Air Magic      | 1 |  1.7
Stealth        | |  1.7
Spellcasting   | |  2.3
Transmutations | |  1.5
Poison Magic   | |  3.2

Action                   || total
-------------------------++-------
Melee: Unarmed           ||    11
       Club              ||   151
       Tailslap          ||    10
       Punch             ||     1
 Cast: Sting             ||    13
       Poisonous Vapours ||     5
 Stab: Sleeping          ||    10
Armor: Skin              ||   107
Dodge: Dodged            ||   150
